 Dungeon Sprint DCSS version 0.27.1-33-g824d729ab1 (webtiles) character file.

Game seed: 5255859734741657166

12590 manyhoops the Ninja (level 11, -24/47 HPs)
             Began as a Spriggan Enchanter on Nov 29, 2021.
             Was the Champion of Dithmenos.
             Killed from afar by a fire giant (67 damage)
             ... with a bolt of fire
             ... in the Dungeon (Sprint I: "Red Sonja").
             The game lasted 00:13:46 (3063 turns).

manyhoops the Ninja (Spriggan Enchanter)            Turns: 3063, Time: 00:13:50

Health: -24/47     AC:  3    Str:  4    XL:     11   Next: 64%
Magic:  12/16      EV: 27    Int: 17    God:    Dithmenos [******]
Gold:   282        SH:  0    Dex: 25    Spells: 1/15 levels left

rFire    . . .     SeeInvis +   i - +6 dagger (speed)
rCold    . . .     Faith    .   (shield restricted)
rNeg     . . .     Spirit   .   b - +0 robe
rPois    .         Reflect  .   (helmet restricted)
rElec    .         Harm     .   x - +0 cloak
rCorr    .         Rampage  .   (gloves unavailable)
Will     +....     NoTele   +   (boots unavailable) Stlth *********+
                                (no amulet)
HPRegen  0.15/turn              u - +6 ring of dexterity
MPRegen  0.15/turn              t - +4 ring of evasion

@: wreathed by umbra, very quick
A: very small, no large weapons, unfitting armour, see invisible, speed 3
a: Renounce Religion, Shadow Step, Shadow Form


You were in the Dungeon.
You worshipped Dithmenos.
Dithmenos was exalted by your worship.
You visited 1 branch You collected 1964 gold pieces.
You spent 1682 gold pieces at shops.

Inventory:

Hand Weapons
 a - a +1 dagger
 i - a +6 dagger of speed (weapon)
Armour
 b - a +0 robe (worn)
 x - a +0 cloak (worn)
Jewellery
 m - a ring of poison resistance
 t - a +4 ring of evasion (right hand)
 u - a +6 ring of dexterity (left hand)
Wands
 g - a wand of flame (25)
 n - a wand of iceblast (13)
Scrolls
 h - a scroll of blinking
 j - a scroll of summoning
 k - a scroll of brand weapon
 q - 2 scrolls of fear
 s - a scroll of amnesia
 v - 2 scrolls of identify
 w - 2 scrolls of fog
 y - a scroll of magic mapping
Potions
 c - 3 potions of curing
 d - 3 potions of heal wounds
 e - a potion of haste
 f - 2 potions of magic
 l - a potion of flight
 o - a potion of mutation
 p - a potion of might
 r - a potion of brilliance


   Skills:
 + Level 18.1 Short Blades
 - Level 6.3 Dodging
 O Level 27 Stealth
 - Level 2.6 Spellcasting
 - Level 13.7 Hexes


You had one spell level left.
You knew the following spells:

 Your Spells              Type           Power      Damage    Failure   Level
a - Corona                Hex            53%        N/A       1%          1
b - Ensorcelled Hibernat  Hex/Ice        50%        N/A       1%          2
c - Confusing Touch       Hex            48%        N/A       1%          3
d - Tukima's Dance        Hex            48%        N/A       1%          3
e - Dazzling Flash        Conj/Hex       50%        N/A       3%          3
f - Passwall              Tmut/Erth      1%         N/A       26%         2

Your spell library contained the following spells:

 Spells                   Type           Power      Damage    Failure   Level
 Sandblast                Erth           4%         2d4       19%         1
 Lee's Rapid Deconstruct  Erth           1%         3d5*      99%         5


Dungeon Overview and Level Annotations

Branches:
Dungeon (1/1)

Altars:
Cheibriados
Dithmenos
Elyvilon
Fedhas
Gozag
Hepliaklqana
Kikubaaqudgha
Makhleb
Nemelex Xobeh
Okawaru
Qazlal
Ru
Sif Muna
Trog
Uskayaw
Vehumet
Wu Jian
Xom
Yredelemnul
Zin
The Shining One
Jiyva
Lugonu

Shops:
D [*((*?:=:([(*![?

Annotations:
D exclusion: oklob plant


Innate Abilities, Weirdness & Mutations

You are very small and have problems with some larger weapons.
You are too small for most types of armour.
You have supernaturally acute eyesight. (SInv)
You cover ground extremely quickly. (Speed+++)


Message History

Dithmenos accepts your kill.
Your Short Blades skill increases to level 18!
You start resting.
HP restored.
You start resting.
Magic restored.
Aiming: Shadow Step
Press: ? - help, Dir - move target, f - merfolk siren
Aim: a merfolk siren, wielding a +0 trident (asleep, umbra) Really shadow step into a travel-excluded area?
Okay, then.
Okay, then.
There is an open door here.
Really walk into a travel-excluded area?
You avoid triggering an arrow trap.
There is an arrow trap here.
There is an open door here.
You see here a hydra skeleton.
There is an open door here.
You open the door.
There is an open door here.
The daeva shouts!
The daeva calls down the wrath of the Shining One upon you.
The Shining One smites you!
You emit a cloud of dark smoke.
You start resting.
HP restored.
You open the door.
There is an open door here.
A fire giant comes into view.
It is wielding a +2 great sword of flaming.
Aiming: Shadow Step
Press: ? - help, Dir - move target, f - fire giant
Aim: a fire giant, wielding a +2 great sword of flaming (asleep, umbra)
You step into the fire giant's shadow. 3 fire giants come into view.
A fire giant is wielding a +1 great sword of flaming.
A fire giant is wielding a +2 great sword of flaming.
A fire giant is wielding a +1 great sword of flaming.
The fire giant shouts! x3
The fire giant casts a spell at you. The bolt of fire hits you!!!
Ouch! That really hurt!
You die...

.....')∩##.# ##§..#P≈..##
##########§# ###.#M≈m.#
#.......##.# #.###yy#
#.......§§.# #.# +yy#
#''.######.# ####'# ##+#
#......§§#§#### #....#
#....§§§#§§#??(#####...####
.......≈####$C...C...#
......≈≈##??)..C@###
....≈≈≈###=(....## .≈≈≈≈###
#(.C..# #####'####$$$$$
######∩∩######
∩∩∩∩∩∩∩###≈≈≈≈ ########
#### #..0


You could see 4 fire giants.

Vanquished Creatures
  A deep elf annihilator (D)
  A hydra (D)
  2 centaur warriors (D)
  Sonja (D)
  A deep troll (D)
  A lindwurm (D)
  An oklob plant (D)
  A merfolk siren (D)
  7 unseen horrors (D)
  A hellwing (D)
  4 demonic crawlers (D)
  2 kobold demonologists (D)
  A hornet (D)
  A slime creature (D)
  2 redbacks (D)
  Sigmund (D)
  A yak (D)
  13 hogs (D)
  3 floating eyes (D)
  An ogre (D)
  7 necrophages (D)
  8 jellies (D)
  Ijyb (D)
62 creatures vanquished.

Vanquished Creatures (others)
  A gargoyle (D)
  2 ballistomycete spores (D)
3 creatures vanquished.

Grand Total: 65 creatures vanquished

Notes
Turn   | Place    | Note
-------+----------+-------------------------------------------
     0 | D        | manyhoops the Spriggan Enchanter began the quest for the
                  | Orb.
     0 | D        | Reached XP level 1. HP: 9/9 MP: 5/5
     1 | D        | Noticed Ijyb
     6 | D        | Killed Ijyb
     7 | D        | Reached skill level 9 in Stealth
     7 | D        | Reached XP level 2. HP: 13/13 MP: 6/6
    50 | D        | Noticed an ogre
    53 | D        | Killed an ogre
    54 | D        | Reached skill level 13 in Stealth
    54 | D        | Reached XP level 3. HP: 16/16 MP: 8/8
    54 | D        | Reached XP level 4. HP: 21/21 MP: 9/9
    63 | D        | Noticed Sigmund
    66 | D        | Killed Sigmund
    67 | D        | Reached skill level 17 in Stealth
    67 | D        | Reached XP level 5. HP: 24/24 MP: 10/10
   171 | D        | Learned a level 2 spell: Ensorcelled Hibernation
   175 | D        | Learned a level 3 spell: Confusing Touch
   179 | D        | Learned a level 3 spell: Tukima's Dance
   189 | D        | Found an ornate altar of the Wu Jian Council.
   189 | D        | Found a shimmering blue altar of Sif Muna.
   191 | D        | Found a radiant altar of Vehumet.
   196 | D        | Reached XP level 6. HP: 28/28 MP: 11/11
   216 | D        | Found Adghoeci's Armour Emporium.
   216 | D        | Found an ancient bone altar of Kikubaaqudgha.
   216 | D        | Found a hazy altar of Hepliaklqana.
   216 | D        | Found a hide-covered altar of Uskayaw.
   216 | D        | Found a basalt altar of Yredelemnul.
   216 | D        | Found an opulent altar of Gozag.
   216 | D        | Found a snail-covered altar of Cheibriados.
   216 | D        | Found a sacrificial altar of Ru.
   216 | D        | Found a shadowy altar of Dithmenos.
   216 | D        | Noticed a yak
   217 | D        | Found a stormy altar of Qazlal.
   217 | D        | Found a blossoming altar of Fedhas.
   217 | D        | Found a bloodstained altar of Trog.
   217 | D        | Found an iron altar of Okawaru.
   217 | D        | Found a glowing golden altar of the Shining One.
   217 | D        | Found a glowing silver altar of Zin.
   217 | D        | Found a white marble altar of Elyvilon.
   218 | D        | Killed a yak
   219 | D        | Reached skill level 19 in Stealth
   219 | D        | Found a sparkling altar of Nemelex Xobeh.
   236 | D        | Found a burning altar of Makhleb.
   236 | D        | Found a viscous altar of Jiyva.
   236 | D        | Found a shimmering altar of Xom.
   236 | D        | Found a corrupted altar of Lugonu.
   236 | D        | Noticed a slime creature
   239 | D        | Killed a slime creature
   240 | D        | Reached skill level 5 in Short Blades
   240 | D        | Reached skill level 20 in Stealth
   240 | D        | Reached XP level 7. HP: 32/32 MP: 12/12
   252 | D        | Noticed a kobold demonologist
   253 | D        | Noticed a kobold demonologist
   294 | D        | Killed a kobold demonologist
   295 | D        | Reached skill level 22 in Stealth
   355 | D        | Paralysed by a floating eye for 3 turns
   361 | D        | Reached skill level 5 in Hexes
   442 | D        | Noticed Sonja
   445 | D        | Noticed a deep troll
   446 | D        | Killed Sonja
   447 | D        | Reached XP level 8. HP: 36/36 MP: 10/13
   465 | D        | Killed a deep troll
   466 | D        | Reached XP level 9. HP: 20/39 MP: 8/14
   472 | D        | Learned a level 3 spell: Dazzling Flash
   519 | D        | Killed a gargoyle
   646 | D        | Noticed a centaur warrior
   663 | D        | Became a worshipper of Dithmenos the Shadowed
   682 | D        | Found Leethaw's Armour Emporium.
   694 | D        | Noticed a centaur warrior
   697 | D        | Killed a centaur warrior
   698 | D        | Reached skill level 10 in Short Blades
   699 | D        | Killed a centaur warrior
   704 | D        | Reached * piety under Dithmenos
   716 | D        | Noticed an oklob plant
   718 | D        | Killed an oklob plant
   719 | D        | Reached skill level 23 in Stealth
   719 | D        | Reached XP level 10. HP: 44/44 MP: 15/15
   727 | D        | Reached ** piety under Dithmenos
   728 | D        | Reached skill level 24 in Stealth
   871 | D        | Reached *** piety under Dithmenos
   872 | D        | Reached skill level 25 in Stealth
   877 | D        | Reached **** piety under Dithmenos
   948 | D        | Reached ***** piety under Dithmenos
   959 | D        | Reached skill level 5 in Dodging
  1102 | D        | Found Qiarchec's Weapon Shoppe.
  1102 | D        | Found Firghite's General Store.
  1102 | D        | Found Uxaacet's Antique Weapon Boutique.
  1104 | D        | Found Cithek's Assorted Antiques.
  1104 | D        | Found Quolen's Magic Scroll Shop.
  1104 | D        | Found Bamus's Book Shoppe.
  1104 | D        | Found Xivehyir's Jewellery Boutique.
  1104 | D        | Found Jiuh's Book Emporium.
  1104 | D        | Found Tiecefysatt's Weapon Shop.
  1104 | D        | Found Kiomm's Antique Armour Shoppe.
  1106 | D        | Bought 3 scrolls of identify for 84 gold pieces
  1111 | D        | Found Kalu's Antique Weapon Boutique.
  1112 | D        | Bought a scroll of identify for 50 gold pieces
  1112 | D        | Bought a fuming brown potion for 22 gold pieces
  1112 | D        | Bought a scroll of identify for 50 gold pieces
  1112 | D        | Bought a potion of heal wounds for 125 gold pieces
  1112 | D        | Bought a bubbling black potion for 22 gold pieces
  1112 | D        | Found Urittit's Distillery.
  1112 | D        | Found Tyarigiq's Assorted Antiques.
  1113 | D        | Found Peaqyg's Magic Scroll Emporium.
  1115 | D        | Bought a scroll of fear for 35 gold pieces
  1124 | D        | Bought a blue potion for 27 gold pieces
  1124 | D        | Bought a scroll of identify for 60 gold pieces
  1124 | D        | Bought a scroll labelled HYFACY SUPPOAD for 30 gold pieces
  1124 | D        | Bought a glowing sapphire ring for 150 gold pieces
  1124 | D        | Bought a glass ring for 150 gold pieces
  1131 | D        | Bought a potion of flight for 39 gold pieces
  1131 | D        | Bought a potion of heal wounds for 65 gold pieces
  1137 | D        | Bought a book of Geomancy for 220 gold pieces
  1140 | D        | Learned a level 2 spell: Passwall
  1192 | D        | HP: 2/44 [demonic crawler (12)]
  1321 | D        | Reached skill level 26 in Stealth
  1852 | D        | Noticed a lindwurm
  1854 | D        | Killed a lindwurm
  1855 | D        | Reached skill level 27 in Stealth
  1887 | D        | Reached ****** piety under Dithmenos
  1894 | D        | Reached XP level 11. HP: 47/47 MP: 9/16
  2343 | D        | Noticed a daeva
  2349 | D        | Reached skill level 15 in Short Blades
  2594 | D        | Noticed a 12-headed hydra
  2596 | D        | Killed a 12-headed hydra
  2661 | D        | Bought a scroll of enchant weapon for 225 gold pieces
  2662 | D        | Bought a scroll of enchant weapon for 75 gold pieces
  2670 | D        | Bought a scroll of enchant weapon for 75 gold pieces
  2670 | D        | Bought a scroll of fear for 35 gold pieces
  2670 | D        | Bought a scroll of magic mapping for 35 gold pieces
  2697 | D        | Bought a cloak for 108 gold pieces
  2901 | D        | Noticed a deep elf annihilator
  2903 | D        | Noticed an oklob plant
  2903 | D        | Noticed a mummy priest
  2904 | D        | Killed a deep elf annihilator
  3062 | D        | Noticed a fire giant
  3063 | D        | Noticed a fire giant
  3063 | D        | Noticed a fire giant
  3063 | D        | Noticed a fire giant
  3063 | D        | Killed from afar by a fire giant

Illustrated notes

Levels and vault maps discovered:
D:        dungeon_sprint_1 [red_sonja_temple_1, red_sonja_temple_small_1]

Skill      XL: |  1  2  3  4  5  6  7  8  9 10 11 |
---------------+----------------------------------+-----
Stealth        | 9 13 17 20 22 23 27 | 27.0
Short Blades   | 2 3 5 12 13 18 | 18.1
Hexes          | 11 13 | 13.7
Dodging        | 6 |  6.3
Spellcasting   | |  2.6

Action                   |  1- 3 |  4- 6 |  7- 9 | 10-12 || total
-------------------------+-------+-------+-------+-------++-------
Melee: Dagger            |     3 |     4 |     8 |   185 ||   200
 Cast: Ensorcelled Hiber |       |       |    10 |    10 ||    20
       Dazzling Flash    |       |       |       |    12 ||    12
       Confusing Touch   |       |       |       |     5 ||     5
Invok: Shadow Step       |       |       |       |     6 ||     6
  Use: Potion            |     1 |       |       |       ||     1
       Scroll            |       |       |       |    12 ||    12
 Stab: Sleeping          |     2 |     4 |     8 |    28 ||    42
       Invisible         |       |       |       |     9 ||     9
       Confused          |       |       |       |     5 ||     5
       Distracted        |       |       |       |     1 ||     1
Armor: Robe              |       |       |       |     2 ||     2
Dodge: Dodged            |     2 |       |       |   102 ||   104
